[Event "ICC tourney 2533 (25 5)"]
[Site "Internet Chess Club"]
[Date "2021.04.25"]
[Round "7"]
[White "SLOAN, JED:K09-15515631"]
[Black "SETHURAMAN, SANDEEP:K09-15472832"]
[Result "1/2-1/2"]
[ICCResult "Game drawn by repetition"]
[WhiteElo "1983"]
[BlackElo "2194"]
[Opening "Sicilian: Canal-Sokolsky (Nimzovich-Rossolimo, Moscow) attack"]
[ECO "B51"]
[NIC "SI.01"]
[Time "15:01:55"]
[PlyCount "72"]
[TimeControl "1500+5"]

1. e4 c5 2. Nf3 d6 3. Bb5+ Nd7 4. O-O a6 5. Bd3 Ngf6 6. c3 b5 7. Bc2 Bb7 8.
Re1 Qc7 9. d3 e6 10. Nbd2 Rc8 11. Nf1 Be7 12. Ng3 O-O 13. h3 Ne5 14. Nh2 d5
15. f4 Ng6 16. e5 Nd7 17. Nf3 Nh4 18. Nxh4 Bxh4 19. Qg4 Bxg3 20. Qxg3 f5
21. exf6 Rxf6 22. d4 cxd4 23. Qd3 g6 24. Qxd4 Qc4 25. Be3 Qxd4 26. Bxd4
Rxf4 27. Rxe6 Rxd4 28. cxd4 Rxc2 29. Rf1 Bc6 30. Re7 Nf8 31. Rff7 Rxb2 32.
Rg7+ Kh8 33. Rgf7 Kg8 34. Rg7+ Kh8 35. Rgf7 Kg8 36. Rg7+ Kh8 { Game drawn
by repetition } 1/2-1/2

[Event "ICC tourney 2533 (25 5)"]
[Site "Internet Chess Club"]
[Date "2021.04.25"]
[Round "7"]
[White "VUTUKURY, DHRUVA:K09-15485164"]
[Black "ALEXANDER GO, JORDAN:K09-16066782"]
[Result "1-0"]
[ICCResult "Black forfeits on time"]
[WhiteElo "930"]
[BlackElo "1430"]
[Opening "King's Indian defense, 3.Nc3"]
[ECO "E61"]
[NIC "KI.80"]
[Time "15:04:16"]
[PlyCount "91"]
[TimeControl "1500+5"]

1. d4 Nf6 2. c4 g6 3. Nc3 Bg7 4. Nf3 O-O 5. Bf4 d6 6. e3 Re8 7. Be2 Nbd7 8.
O-O b6 9. d5 Nc5 10. b4 Nce4 11. Nxe4 Nxe4 12. Nd4 Bd7 13. Bf3 Nf6 14. b5
a5 15. e4 Rc8 16. Re1 e5 17. dxe6 fxe6 18. Bg5 h6 19. Bh4 Kh8 20. e5 dxe5
21. Rxe5 g5 22. Bg3 Ng8 23. Bh5 Re7 24. Nc6 Bxc6 25. bxc6 Qxd1+ 26. Rxd1
Bxe5 27. Bxe5+ Kh7 28. Bf3 h5 29. Bxh5 Nh6 30. Bf6 Rf7 31. Bxf7 Nxf7 32.
Rd7 Kg6 33. Bc3 e5 34. c5 bxc5 35. Bxa5 Ra8 36. Bxc7 Rxa2 37. h3 Ra6 38.
Bd6 Rxc6 39. Be7 c4 40. Rd2 Kf5 41. Rc2 e4 42. Kf1 Ne5 43. Ke2 Ke6 44. Bxg5
Kd5 45. h4 Rc5 46. h5 { Black forfeits on time } 1-0

[Event "ICC tourney 2533 (25 5)"]
[Site "Internet Chess Club"]
[Date "2021.04.25"]
[Round "7"]
[White "DESAI, SATVIK:K09-17061744"]
[Black "VENIGALLA, THAMAN:K09-15782351"]
[Result "0-1"]
[ICCResult "White checkmated"]
[WhiteElo "794"]
[BlackElo "242"]
[Opening "Sicilian defense"]
[ECO "B40"]
[NIC "SI.43"]
[Time "15:03:45"]
[PlyCount "114"]
[TimeControl "1500+5"]

1. e4 c5 2. Nf3 e6 3. Nc3 Nc6 4. Bb5 a6 5. Ba4 b5 6. Bb3 c4 7. Bxc4 bxc4 8.
O-O d5 9. d3 cxd3 10. cxd3 dxe4 11. dxe4 Bd6 12. Qd2 Nf6 13. Rd1 Bc7 14.
Qe2 Bd7 15. Bg5 h6 16. Bh4 O-O 17. Bxf6 gxf6 18. Rd2 Bf4 19. Rd3 Bg5 20.
Rad1 Ra7 21. Na4 Nb8 22. Nc5 Rc7 23. b4 a5 24. g3 h5 25. a3 Bh6 26. e5 f5
27. Qb2 Bg7 28. Kg2 Re8 29. h4 Bf8 30. Qc3 Bxc5 31. bxc5 Qc8 32. Ng5 Rxc5
33. Qb3 a4 34. Qb4 Rc4 35. Qd2 Rc2 36. Qe3 Bb5 37. Rd4 Re2 38. Qf3 Qc6 39.
Qxc6 Bxc6+ 40. Kf1 Ra2 41. f3 Rxa3 42. Rd8 Na6 43. R1d6 Bb5+ 44. Kf2 Ra2+
45. Ke3 a3 46. Rxa6 Rxd8 47. Ra5 Re2+ 48. Kf4 Rd4+ 49. Ne4 a2 50. Rxb5 a1=Q
51. Rb8+ Kg7 52. Kg5 Qc1+ 53. f4 Rdxe4 54. Re8 Rg2 55. g4 Rxg4+ 56. Kxh5
Qxf4 57. Re7 Rxh4# { White checkmated } 0-1

[Event "ICC tourney 2533 (25 5)"]
[Site "Internet Chess Club"]
[Date "2021.04.25"]
[Round "7"]
[White "SCHOENBAUER, JAKE:K09-16875594"]
[Black "GANTI AGRAWAL, SIDDHARTH:K09-15429648"]
[Result "1-0"]
[ICCResult "Black checkmated"]
[WhiteElo "1299"]
[BlackElo "1748"]
[Opening "Sicilian: Najdorf, Byrne (English) attack"]
[ECO "B90"]
[NIC "SI.14"]
[Time "15:03:00"]
[PlyCount "111"]
[TimeControl "1500+5"]

1. e4 c5 2. Nf3 d6 3. d4 cxd4 4. Nxd4 Nf6 5. Nc3 a6 6. Be3 e5 7. Nf3 Be7 8.
Bc4 O-O 9. O-O b5 10. Bd5 Nxd5 11. Qxd5 Qd7 12. Qxa8 Bb7 13. Qa7 Nc6 14.
Nxe5 dxe5 15. Qb6 Nd4 16. Rad1 Bd8 17. Qc5 Be7 18. Qxe5 Bf6 19. Rxd4 Qc8
20. Qf5 Bxd4 21. Qxc8 Rxc8 22. Bxd4 b4 23. Nd5 Rxc2 24. Nxb4 Rc4 25. Bc3
Rxe4 26. Re1 Rxe1+ 27. Bxe1 Kf8 28. f4 Ke7 29. Kf2 Kd6 30. g3 g6 31. Ke3
Kc5 32. Nd3+ Kd6 33. Bb4+ Kd5 34. Nc5 Bc8 35. Ne4 f5 36. Nf6+ Kc4 37. Bc3
h5 38. Nh7 Be6 39. Nf8 Bf7 40. Nd7 Kd5 41. Nb8 Kd6 42. Nxa6 Bxa2 43. Nb4
Bf7 44. Kd4 Be8 45. Nd3 Bf7 46. b4 Be8 47. Ne5 Ke6 48. Kc5 Ke7 49. b5 Kd8
50. Nc6+ Kc7 51. Be5+ Kb7 52. Na5+ Ka8 53. b6 g5 54. b7+ Ka7 55. b8=Q+ Ka6
56. Qb6# { Black checkmated } 1-0

[Event "ICC tourney 2533 (25 5)"]
[Site "Internet Chess Club"]
[Date "2021.04.25"]
[Round "7"]
[White "HUANG, LULU:K09-15214738"]
[Black "KOSTINA, POLINA:K09-16025494"]
[Result "1-0"]
[ICCResult "Black checkmated"]
[WhiteElo "1414"]
[BlackElo "831"]
[Opening "Queen's pawn"]
[ECO "A40"]
[NIC "QO.17"]
[Time "15:02:00"]
[PlyCount "79"]
[TimeControl "1500+5"]

1. d4 c6 2. Nf3 d5 3. e3 Nf6 4. Bd3 Bg4 5. b3 Nbd7 6. Bb2 e6 7. O-O Bd6 8.
Nbd2 O-O 9. h3 Bh5 10. c4 dxc4 11. bxc4 Bxf3 12. Nxf3 Qc7 13. e4 Rfe8 14.
e5 Be7 15. exf6 Nxf6 16. Ne5 Bd6 17. f4 c5 18. g4 g6 19. Qf3 cxd4 20. Bxd4
Bc5 21. Bxc5 Qxc5+ 22. Kh2 Red8 23. Qxb7 Rf8 24. Rad1 Rab8 25. Qg2 g5 26.
Nf3 gxf4 27. g5 Nh5 28. g6 Ng3 29. gxh7+ Kh8 30. Rg1 Rfe8 31. Qc2 e5 32.
Ng5 Rf8 33. Rde1 Qd4 34. Rb1 Rbc8 35. Rb7 a5 36. Nxf7+ Rxf7 37. Rxf7 a4 38.
c5 Rxc5 39. Rf8+ Kg7 40. h8=Q# { Black checkmated } 1-0

[Event "ICC tourney 2533 (25 5)"]
[Site "Internet Chess Club"]
[Date "2021.04.25"]
[Round "7"]
[White "V MEHTA, SOHUM:K09-15597521"]
[Black "GAO, JERRY:K09-16753890"]
[Result "1/2-1/2"]
[ICCResult "Game drawn by mutual agreement"]
[WhiteElo "1439"]
[BlackElo "877"]
[Opening "French: King's Indian attack"]
[ECO "C00"]
[NIC "FR.02"]
[Time "15:08:53"]
[PlyCount "108"]
[TimeControl "1500+5"]

1. e4 e6 2. d3 d5 3. Nd2 dxe4 4. dxe4 e5 5. Ngf3 Nc6 6. g3 Nf6 7. Bg2 Bd6
8. O-O O-O 9. Nc4 Nxe4 10. Nxd6 Nxd6 11. Re1 Re8 12. c3 Bd7 13. Qb3 Qc8 14.
Ng5 h6 15. Ne4 Bh3 16. Nxd6 cxd6 17. Bxh3 Qxh3 18. Qxb7 Qc8 19. Qxc8 Raxc8
20. Be3 d5 21. Rad1 d4 22. cxd4 exd4 23. Bf4 Rxe1+ 24. Rxe1 g5 25. Be5 Nxe5
26. Rxe5 Rc2 27. a4 Rxb2 28. Rd5 Rb4 29. a5 Kf8 30. Kg2 Ra4 31. Kf3 d3 32.
Rxd3 Rxa5 33. Rd6 Kg7 34. Ke4 Ra2 35. Ke3 a5 36. Ra6 a4 37. h4 gxh4 38.
gxh4 f6 39. h5 a3 40. f4 Ra1 41. Ke4 a2 42. Kf5 Kf7 43. Rxf6+ Kg7 44. Rg6+
Kh7 45. Rg2 Rh1 46. Rxa2 Rxh5+ 47. Kg4 Rd5 48. Ra7+ Kg6 49. Ra6+ Kh7 50.
Ra7+ Kg6 51. Ra6+ Kg7 52. f5 Rd4+ 53. Kh5 Rf4 54. Rg6+ Kf7 { Game drawn by
mutual agreement } 1/2-1/2

[Event "ICC tourney 2533 (25 5)"]
[Site "Internet Chess Club"]
[Date "2021.04.25"]
[Round "7"]
[White "LU, JASON:K09-15264313"]
[Black "HUSTON, GUS:K09-14921551"]
[Result "0-1"]
[ICCResult "White forfeits on time"]
[WhiteElo "2203"]
[BlackElo "2243"]
[Opening "two knights defense: Fritz variation"]
[ECO "C57"]
[NIC "KP.01"]
[Time "15:01:20"]
[PlyCount "72"]
[TimeControl "1500+5"]

1. e4 e5 2. Nf3 Nc6 3. Bc4 Nf6 4. Ng5 d5 5. exd5 Nd4 6. c3 b5 7. Bf1 Nxd5
8. cxd4 Qxg5 9. Bxb5+ Kd8 10. Qf3 Bb7 11. O-O exd4 12. d3 Qg6 13. Bc4 Qe6
14. Bd2 Rb8 15. Re1 Qd7 16. Qg3 f6 17. Na3 g5 18. Nb5 Bc5 19. Rac1 Bb6 20.
h4 h6 21. Re4 Ne7 22. Rxe7 Qxe7 23. Re1 Qd7 24. hxg5 hxg5 25. Bxg5 Qf5 26.
Re5 Qg6 27. Qf4 fxg5 28. Rxg5 Qc6 29. Rd5+ Qxd5 30. Bxd5 Bxd5 31. Qg5+ Kc8
32. Qf5+ Kb7 33. Qxd5+ Ka6 34. Qc6 Rh7 35. Nd6 cxd6 36. Qxd6 Rbh8 { White
forfeits on time } 0-1

[Event "ICC tourney 2533 (25 5)"]
[Site "Internet Chess Club"]
[Date "2021.04.25"]
[Round "7"]
[White "JUSTICE, DREW:K09-14561797"]
[Black "ZOFFER, OSKAR:K09-16471866"]
[Result "1-0"]
[ICCResult "Black forfeits on time"]
[WhiteElo "2030"]
[BlackElo "1680"]
[Opening "QGD Slav: 4.Nc3"]
[ECO "D15"]
[NIC "SL.03"]
[Time "15:00:52"]
[PlyCount "101"]
[TimeControl "1500+5"]

1. d4 d5 2. c4 c6 3. Nf3 Nf6 4. Nc3 Bf5 5. Bg5 e6 6. cxd5 exd5 7. e3 Be7 8.
Bd3 Ne4 9. Bxe7 Qxe7 10. O-O Nd7 11. Bxe4 Bxe4 12. Nxe4 Qxe4 13. Qb3 Rb8
14. Qa3 a6 15. Nd2 Qe7 16. Qxe7+ Kxe7 17. b4 Rhc8 18. Rfc1 b6 19. Nb3 Kd6
20. Rc2 Rc7 21. Rd1 f5 22. f3 Re8 23. Kf2 c5 24. dxc5+ bxc5 25. Rcd2 cxb4
26. Rxd5+ Ke6 27. Rd6+ Ke7 28. Rxa6 Rc2+ 29. Kg3 Nf6 30. Nd4 Rc5 31. Rb1
Kf7 32. Rxb4 Rxe3 33. Rb7+ Re7 34. Raa7 Ng8 35. a4 f4+ 36. Kxf4 Rc4 37.
Rxe7+ Nxe7 38. Ke3 Kf6 39. Kd3 Rxd4+ 40. Kxd4 Nc6+ 41. Kc5 Nxa7 42. a5 Ke5
43. Kb6 Nc8+ 44. Kc7 Na7 45. Kb7 Nb5 46. Kb6 Nd6 47. a6 Nc8+ 48. Kb7 Nd6+
49. Kc6 Nc8 50. Kd7 Na7 51. Ke7 { Black forfeits on time } 1-0

[Event "ICC tourney 2533 (25 5)"]
[Site "Internet Chess Club"]
[Date "2021.04.25"]
[Round "7"]
[White "NAVEEN, AARUSH:K09-16031675"]
[Black "PALUSA, MAURYA:K09-14641168"]
[Result "1-0"]
[ICCResult "Black forfeits on time"]
[WhiteElo "1686"]
[BlackElo "2089"]
[Opening "Sicilian: Najdorf, Byrne (English) attack"]
[ECO "B90"]
[NIC "SI.14"]
[Time "15:02:40"]
[PlyCount "81"]
[TimeControl "1500+5"]

1. e4 c5 2. Nf3 d6 3. d4 cxd4 4. Nxd4 Nf6 5. Nc3 a6 6. Be3 e5 7. Nb3 Be6 8.
f3 h5 9. Nd5 Bxd5 10. exd5 Nbd7 11. Qd2 g6 12. Be2 b5 13. O-O Nb6 14. f4
Bg7 15. f5 Nbxd5 16. fxg6 fxg6 17. Bg5 O-O 18. Bf3 Ne7 19. Bxa8 Qxa8 20.
Qxd6 Nf5 21. Qe6+ Kh7 22. Bxf6 Ne3 23. Rf2 Rxf6 24. Qd7 Rxf2 25. Kxf2 Qe4
26. h3 Nxc2 27. Rc1 Nd4 28. Nxd4 Qf4+ 29. Ke2 Qxc1 30. Ne6 Qxb2+ 31. Kf3
e4+ 32. Ke3 Qc3+ 33. Kxe4 Qe1+ 34. Kf3 Qf1+ 35. Kg3 Qf6 36. h4 Qe5+ 37. Kh3
Qe3+ 38. g3 Qe5 39. Ng5+ Kg8 40. Qf7+ Kh8 41. Qxg6 { Black forfeits on time
} 1-0

[Event "ICC tourney 2533 (25 5)"]
[Site "Internet Chess Club"]
[Date "2021.04.25"]
[Round "7"]
[White "MEI, AUSTIN R:K09-16090452"]
[Black "GIORGIO TESSIORE, LUCA:K09-17347744"]
[Result "0-1"]
[ICCResult "White checkmated"]
[WhiteElo "2149"]
[BlackElo "1914"]
[Opening "Sicilian: Nimzovich-Rossolimo attack (with ...g6, without ...d6)"]
[ECO "B31"]
[NIC "SI.31"]
[Time "15:02:43"]
[PlyCount "106"]
[TimeControl "1500+5"]

1. e4 c5 2. Nf3 Nc6 3. Bb5 g6 4. Bxc6 bxc6 5. O-O Bg7 6. d3 d6 7. h3 e5 8.
Nbd2 Ne7 9. Nc4 O-O 10. a3 h6 11. b4 cxb4 12. axb4 Be6 13. Be3 Qc7 14. Na5
f5 15. Ra3 f4 16. Bc1 g5 17. d4 g4 18. hxg4 Bxg4 19. Bb2 Ng6 20. Qd2 Bxf3
21. Rxf3 Nh4 22. Rh3 Bf6 23. Kh1 Kh7 24. Rd1 Rad8 25. dxe5 dxe5 26. Rd3 Qg7
27. g3 Qg4 28. gxh4 Qxh4+ 29. Kg2 Rg8+ 30. Kf1 Qh1+ 31. Ke2 Qxe4+ 32. Kf1
Qg2+ 33. Ke1 Qg1+ 34. Ke2 f3+ 35. Rxf3 Rxd2+ 36. Rxd2 Qg4 37. Rd6 e4 38.
Rxf6 exf3+ 39. Kd3 Qxb4 40. Rf7+ Kg6 41. Rf6+ Kg5 42. Bd4 Qxa5 43. c3 Qd5
44. Kc2 Qxd4 45. cxd4 Kxf6 46. Kd3 h5 47. Ke3 h4 48. Kxf3 h3 49. d5 cxd5
50. Kf4 h2 51. f3 h1=Q 52. Ke3 Qe1+ 53. Kf4 Qe5# { White checkmated } 0-1

[Event "ICC tourney 2533 (25 5)"]
[Site "Internet Chess Club"]
[Date "2021.04.25"]
[Round "7"]
[White "SMITH, SILAS:K09-15797197"]
[Black "KE, RIANNE:K09-15179208"]
[Result "0-1"]
[ICCResult "White checkmated"]
[WhiteElo "1694"]
[BlackElo "2020"]
[Opening "King's Indian: Kramer system"]
[ECO "E70"]
[NIC "KI.52"]
[Time "15:04:40"]
[PlyCount "126"]
[TimeControl "1500+5"]

1. d4 Nf6 2. c4 g6 3. Nc3 Bg7 4. e4 d6 5. Nge2 O-O 6. f3 c6 7. Be3 a6 8.
Ng3 b5 9. a3 Nbd7 10. Be2 Rb8 11. cxb5 axb5 12. O-O Nb6 13. b3 Ra8 14. Qd2
Be6 15. Rfb1 Qb8 16. Bh6 Bxh6 17. Qxh6 Ra5 18. Qd2 Qa8 19. a4 bxa4 20. bxa4
Nxa4 21. Nxa4 Rxa4 22. Rxa4 Qxa4 23. Qb2 Ra8 24. Bd3 Bc4 25. Bxc4 Qxc4 26.
Rc1 Qa4 27. Ne2 Nd7 28. Qb7 c5 29. dxc5 dxc5 30. h3 Rb8 31. Qd5 Rb2 32. Nf4
Qa7 33. Qc4 Rb4 34. Qc3 Rb3 35. Qc4 e6 36. Ne2 Qa3 37. Rc3 Qa1+ 38. Kh2 Rb1
39. Rc1 Rxc1 40. Qxc1 Qe5+ 41. g3 Nb6 42. Qc3 Qd6 43. Kg2 Nd7 44. Nc1 Ne5
45. f4 Nd7 46. Nd3 Qc6 47. Qc4 f5 48. Kf3 Kf7 49. Ne5+ Nxe5+ 50. fxe5 Qxe4+
51. Qxe4 fxe4+ 52. Kxe4 Ke7 53. Kd3 Kd7 54. h4 Kc6 55. Kc4 h5 56. Kd3 Kd5
57. Ke2 Kxe5 58. Kf2 Ke4 59. Kg2 c4 60. Kh2 c3 61. Kh1 c2 62. Kh2 c1=Q 63.
Kh3 Qh1# { White checkmated } 0-1

[Event "ICC tourney 2533 (25 5)"]
[Site "Internet Chess Club"]
[Date "2021.04.25"]
[Round "7"]
[White "ETHAN CHONG, JOSHUA:K09-15110220"]
[Black "CHUGH, AARUSH:K09-14970943"]
[Result "0-1"]
[ICCResult "White forfeits on time"]
[WhiteElo "1869"]
[BlackElo "1500"]
[Opening "QGD: exchange, positional line"]
[ECO "D35"]
[NIC "QO.16"]
[Time "15:00:34"]
[PlyCount "68"]
[TimeControl "1500+5"]

1. d4 d5 2. c4 e6 3. Nc3 Nf6 4. cxd5 exd5 5. Bg5 Bb4 6. e3 O-O 7. Bd3 Re8
8. Ne2 Bg4 9. O-O Nc6 10. Bxf6 Qxf6 11. Nxd5 Qd6 12. Nxb4 Nxb4 13. a3 Nxd3
14. Qxd3 c5 15. f3 Bh5 16. Nf4 Bg6 17. Nxg6 hxg6 18. d5 Rad8 19. e4 Kh7 20.
Rad1 Rh8 21. g3 Qe5 22. b3 Kg8 23. Rd2 b6 24. f4 Qh5 25. d6 g5 26. d7 g4
27. Qd6 Qh6 28. Qc7 Qf6 29. Rd6 Qe7 30. e5 Rh6 31. Rfd1 g6 32. e6 Kg7 33.
a4 Rhh8 34. a5 Qf6 { White forfeits on time } 0-1

[Event "ICC tourney 2533 (25 5)"]
[Site "Internet Chess Club"]
[Date "2021.04.25"]
[Round "7"]
[White "ANANTHARAMAN, AASHISH:K09-15992442"]
[Black "KATSMAN, DAVID:K09-14958088"]
[Result "0-1"]
[ICCResult "White resigns"]
[WhiteElo "1366"]
[BlackElo "1900"]
[Opening "Hungarian defense"]
[ECO "C50"]
[NIC "IG.03"]
[Time "15:03:49"]
[PlyCount "78"]
[TimeControl "1500+5"]

1. e4 e5 2. Nf3 Nc6 3. Bc4 Be7 4. d4 d6 5. dxe5 dxe5 6. O-O Nf6 7. Nc3 O-O
8. h3 h6 9. Be3 a6 10. Bd5 Bd6 11. a3 Ne7 12. Qd3 Nfxd5 13. Nxd5 Be6 14. c4
f5 15. Ne1 f4 16. Bd2 Nxd5 17. cxd5 Bd7 18. Nf3 Qf6 19. Nh2 g5 20. g4 Qg6
21. f3 h5 22. Kg2 Kg7 23. Rh1 Rh8 24. Qb3 b6 25. Bb4 a5 26. Bxd6 Qxd6 27.
Rac1 hxg4 28. hxg4 Rh6 29. Rcg1 Rah8 30. Qc3 Rh3 31. Nf1 Rxh1 32. Rxh1 Rxh1
33. Kxh1 c6 34. Qc4 b5 35. Qd3 Be6 36. Qc3 cxd5 37. Qxa5 dxe4 38. Qc3 exf3
39. Qxf3 Bd5 { White resigns } 0-1

[Event "ICC tourney 2533 (25 5)"]
[Site "Internet Chess Club"]
[Date "2021.04.25"]
[Round "7"]
[White "CUI, SUNNY:K09-15586563"]
[Black "KALOUDIS, SEAN:K09-15106731"]
[Result "0-1"]
[ICCResult "White checkmated"]
[WhiteElo "1226"]
[BlackElo "1714"]
[Opening "King's Indian, 3.Nf3"]
[ECO "D94"]
[NIC "GI.09"]
[Time "15:03:59"]
[PlyCount "140"]
[TimeControl "1500+5"]

1. d4 Nf6 2. c4 g6 3. Nf3 Bg7 4. e3 O-O 5. Nc3 d5 6. cxd5 Nxd5 7. Nxd5 Qxd5
8. Be2 c5 9. O-O Nc6 10. dxc5 Qxc5 11. Qa4 Bf5 12. a3 Rfd8 13. Qb5 Qc2 14.
Qc4 Qxc4 15. Bxc4 Na5 16. Ba2 Rac8 17. Re1 Bc2 18. Bd2 Rxd2 19. Nxd2 Bxb2
20. Bxf7+ Kxf7 21. Ra2 Bg7 22. Rc1 Bf5 23. Rxc8 Bxc8 24. Kf1 Be6 25. Rc2
Be5 26. h3 Bd6 27. a4 Nc6 28. Ne4 Bf5 29. Nxd6+ exd6 30. Rb2 Na5 31. Rb5
Bd3+ 32. Ke1 Bxb5 33. axb5 a6 34. bxa6 bxa6 35. Kd2 Ke6 36. Kc3 Kd5 37. f3
Kc5 38. e4 Nc6 39. g3 Nd4 40. f4 Ne2+ 41. Kd3 Nxg3 42. e5 dxe5 43. fxe5 Kd5
44. Kc3 Kxe5 45. Kb4 Ne4 46. Ka5 Kf4 47. Kxa6 Kg3 48. Kb6 Kxh3 49. Kc7 g5
50. Kc6 g4 51. Kd5 g3 52. Kxe4 g2 53. Ke5 g1=Q 54. Ke4 Qg5 55. Kd4 Qf5 56.
Ke3 Kg3 57. Ke2 Kg2 58. Ke3 Qg4 59. Kd3 Qf4 60. Ke2 Qf3+ 61. Kd2 Kf2 62.
Kc2 Qe4+ 63. Kc1 Qd3 64. Kb2 Qc4 65. Ka3 Ke2 66. Kb2 Kd2 67. Kb1 Qc3 68.
Ka2 Qb4 69. Ka1 Kc2 70. Ka2 Qb2# { White checkmated } 0-1

[Event "ICC tourney 2533 (25 5)"]
[Site "Internet Chess Club"]
[Date "2021.04.25"]
[Round "7"]
[White "SARVASYA, VIKAS:K09-15488033"]
[Black "FENTON, SETH:K09-15344035"]
[Result "0-1"]
[ICCResult "White forfeits on time"]
[WhiteElo "1187"]
[BlackElo "1690"]
[Opening "Sicilian"]
[ECO "B56"]
[NIC "SI.25"]
[Time "15:01:20"]
[PlyCount "108"]
[TimeControl "1500+5"]

1. e4 c5 2. Nf3 d6 3. d4 cxd4 4. Nxd4 Nf6 5. Nc3 Nc6 6. Nf3 e6 7. Bb5 a6 8.
Ba4 b5 9. Bb3 Bb7 10. O-O Be7 11. Re1 O-O 12. h3 b4 13. Na4 Rc8 14. c3 bxc3
15. Nxc3 Qc7 16. Bf4 Rfd8 17. Qe2 a5 18. Rad1 Ra8 19. a4 Ba6 20. Bc4 Qb7
21. Bxa6 Rxa6 22. Qd2 Rb6 23. Nb5 Nb4 24. e5 Ne4 25. Qd4 d5 26. Rxe4 Nc6
27. Qxb6 Qxb6 28. Ree1 Bc5 29. Be3 Bxe3 30. Rxe3 h6 31. Rc1 Na7 32. Nfd4
Nxb5 33. Nxb5 d4 34. Rd3 Qb8 35. f4 f6 36. Re1 fxe5 37. Rxe5 g5 38. Rxe6
Qxf4 39. Rxh6 Qc1+ 40. Kh2 Qf4+ 41. Kg1 Re8 42. Rd1 Re2 43. Kh1 Qg3 44. Rg1
d3 45. Nc3 Rxb2 46. Ne4 Qe3 47. Re6 Kf7 48. Re5 Kg7 49. Rxg5+ Kh6 50. Rg4
d2 51. Nxd2 Qxd2 52. Kh2 Rb4 53. Rxb4 Qxb4 54. Ra1 Qe4 { White forfeits on
time } 0-1

[Event "ICC tourney 2533 (25 5)"]
[Site "Internet Chess Club"]
[Date "2021.04.25"]
[Round "7"]
[White "MIXON, OZAN:K09-16976458"]
[Black "KOLLIPARA, AMOGH:K09-15294780"]
[Result "0-1"]
[ICCResult "White checkmated"]
[WhiteElo "822"]
[BlackElo "1422"]
[Opening "French: advance, Paulsen attack"]
[ECO "C02"]
[NIC "FR.03"]
[Time "15:01:03"]
[PlyCount "126"]
[TimeControl "1500+5"]

1. e4 e6 2. d4 d5 3. e5 c5 4. c3 Nc6 5. Nf3 Qb6 6. Be2 Nge7 7. dxc5 Qxc5 8.
Bf4 Ng6 9. Bg3 Qb6 10. Qb3 Qc7 11. Bb5 Bd7 12. Bxc6 Bxc6 13. O-O Bc5 14.
Nbd2 O-O 15. Qc2 Qb6 16. a3 a5 17. Nb3 Ba4 18. Nfd2 Rfd8 19. c4 Rac8 20.
Qc3 dxc4 21. Nxa5 Rd3 22. Ndxc4 Rxc3 23. Nxb6 Bxb6 24. bxc3 Bxa5 25. Ra2
Bxc3 26. f4 Bb3 27. Re2 Bc4 28. Rc2 Bxf1 29. Kxf1 Ne7 30. Ke2 Bd4 31. Rxc8+
Nxc8 32. Kd3 Bc5 33. a4 b6 34. Kc4 Ne7 35. a5 Nc6 36. axb6 Bg1 37. Kb5 Nb8
38. b7 Kf8 39. Be1 Ke8 40. Ba5 Kd7 41. Bb6 Bxh2 42. Be3 Kc7 43. Bb6+ Kxb7
44. Be3 Nd7 45. Kc4 Nb6+ 46. Kc5 Nd5 47. Kd6 Nxe3 48. Ke7 Bxf4 49. Kxf7
Bxe5 50. Kxe6 Bf6 51. g3 h5 52. Kf7 Nf5 53. Kg6 Nxg3 54. Kh7 h4 55. Kg6 h3
56. Kf7 h2 57. Ke6 h1=Q 58. Kf7 Qe4 59. Kg8 g5 60. Kf7 Nh5 61. Kg8 Qg6+ 62.
Kf8 Qg7+ 63. Ke8 Qe7# { White checkmated } 0-1

[Event "ICC tourney 2533 (25 5)"]
[Site "Internet Chess Club"]
[Date "2021.04.25"]
[Round "7"]
[White "NICHOLSON, IAN:K09-15545322"]
[Black "KHATRI, AARUSHI:K09-17005313"]
[Result "1-0"]
[ICCResult "Black forfeits on time"]
[WhiteElo "1866"]
[BlackElo "354"]
[Opening "QGD: Albin counter-gambit"]
[ECO "D08"]
[NIC "QG.02"]
[Time "15:03:59"]
[PlyCount "87"]
[TimeControl "1500+5"]

1. d4 d5 2. c4 e5 3. dxe5 d4 4. Nf3 Nc6 5. Bf4 Nge7 6. h4 Ng6 7. Bg3 Bb4+
8. Nbd2 O-O 9. h5 Nge7 10. a3 Bxd2+ 11. Qxd2 Nf5 12. Bf4 Be6 13. Rc1 h6 14.
g4 Nfe7 15. Bxh6 Bxg4 16. Rg1 Bxh5 17. Bxg7 Ng6 18. Bf6 Nxe5 19. Bxd8 Nxf3+
20. exf3 Re8+ 21. Kd1 Bxf3+ 22. Kc2 Raxd8 23. Bd3 Be4 24. Rce1 Bxd3+ 25.
Qxd3 Rxe1 26. Rxe1 Rd6 27. Re4 Kg7 28. Rxd4 Rc6 29. f4 b5 30. f5 Ne5 31.
Qg3+ Kf6 32. b3 Kxf5 33. Qf4+ Ke6 34. Re4 f6 35. Kc3 bxc4 36. bxc4 Kd7 37.
Qf5+ Ke7 38. Rd4 Ra6 39. Qh7+ Nf7 40. Re4+ Re6 41. Rxe6+ Kxe6 42. Qg8 f5
43. Qe8+ Kf6 44. Qc6+ { Black forfeits on time } 1-0

[Event "ICC tourney 2533 (25 5)"]
[Site "Internet Chess Club"]
[Date "2021.04.25"]
[Round "7"]
[White "ROSE SAFRANEK, VEDA:K09-14975007"]
[Black "NASTA, KIREN:K09-15255524"]
[Result "1/2-1/2"]
[ICCResult "Game drawn by repetition"]
[WhiteElo "1681"]
[BlackElo "1901"]
[Opening "Ruy Lopez: Anderssen variation"]
[ECO "C77"]
[NIC "RL.12"]
[Time "15:00:23"]
[PlyCount "108"]
[TimeControl "1500+5"]

1. e4 e5 2. Nf3 Nc6 3. Bb5 a6 4. Ba4 Nf6 5. d3 b5 6. Bb3 Be7 7. c3 d6 8.
O-O O-O 9. Nbd2 Na5 10. Bc2 c5 11. Re1 Nc6 12. Nf1 Re8 13. Ng3 Bf8 14. Nh4
g6 15. Bg5 Bg7 16. Qd2 Be6 17. f4 h6 18. fxe5 dxe5 19. Be3 Ng4 20. Nf3 Nxe3
21. Qxe3 Qe7 22. a3 Rac8 23. Rac1 Red8 24. Red1 a5 25. Kh1 a4 26. Rf1 Na5
27. Ne2 Rc7 28. d4 Nc4 29. Qf2 Nxb2 30. Nxe5 Bxe5 31. dxe5 Nc4 32. Qf4 Qg5
33. Qf6 Qxf6 34. exf6 Nxa3 35. Nf4 Nxc2 36. Nxe6 fxe6 37. Rxc2 Kf7 38. h3
Rb7 39. g4 Rd3 40. Kg2 b4 41. cxb4 cxb4 42. Rc8 b3 43. Rh8 Rdd7 44. Ra8 b2
45. Rb1 Rdc7 46. e5 Rc1 47. Rh8 Rxb1 48. Rh7+ Kg8 49. Rxb7 a3 50. Rb8+ Kf7
51. Rb7+ Kf8 52. Rb8+ Kf7 53. Rb7+ Kf8 54. Rb8+ Kf7 { Game drawn by
repetition } 1/2-1/2

[Event "ICC tourney 2533 (25 5)"]
[Site "Internet Chess Club"]
[Date "2021.04.25"]
[Round "7"]
[White "KENGSOONTRA, PATRICK:K09-15777277"]
[Black "MUTHUKUMAR, HAARI:K09-17128308"]
[Result "1-0"]
[ICCResult "Black forfeits on time"]
[WhiteElo "1642"]
[BlackElo "1152"]
[Opening "French: Rubinstein variation"]
[ECO "C10"]
[NIC "FR.07"]
[Time "15:02:34"]
[PlyCount "101"]
[TimeControl "1500+5"]

1. e4 e6 2. d4 d5 3. Nc3 dxe4 4. Nxe4 Nd7 5. Nf3 Ngf6 6. Nxf6+ Nxf6 7. Bg5
Be7 8. Bd3 O-O 9. c3 b6 10. O-O Bb7 11. Re1 h6 12. Bh4 c5 13. dxc5 bxc5 14.
Qe2 Nd5 15. Bxe7 Qxe7 16. Bc2 Rfd8 17. Rad1 Nf6 18. Rxd8+ Rxd8 19. Rd1 Rd6
20. Rxd6 Qxd6 21. Qe5 Qxe5 22. Nxe5 Kf8 23. f3 Ke7 24. Kf2 Nd7 25. Nd3 Kd6
26. Ke3 Nb6 27. b4 Nd5+ 28. Kd2 cxb4 29. cxb4 Ba6 30. a3 Bxd3 31. Bxd3 f5
32. g3 g6 33. h4 g5 34. hxg5 hxg5 35. Kc2 Ke5 36. b5 Kd4 37. Kd2 Nc3 38.
Kc2 Na4 39. Kd2 Nb6 40. Ke2 Kc3 41. g4 f4 42. Bg6 e5 43. Be8 Kc2 44. Bc6
Kc3 45. Be4 Kd4 46. Bc6 Kc3 47. Be8 Kd4 48. Bc6 Kc3 49. Be4 Kd4 50. Kd1 Na4
51. Kc2 { Black forfeits on time } 1-0